 Dungeon Crawl Stone Soup version 0.30-a0-840-ga523dec638 (webtiles) character file.

Game seed: 6208729129071241980

74 cforsyth the Sneak (level 4, -2/28 HPs)
             Began as a Kobold Brigand on Mar 2, 2023.
             Slain by Robin
             ... wielding a +0 spear
              (5 damage)
             ... on level 2 of the Dungeon.
             The game lasted 00:01:15 (1335 turns).

cforsyth the Sneak (Kobold Brigand)                 Turns: 1335, Time: 00:01:15

Health: -2/28      AC:  3    Str:  8    XL:     4   Next: 52%
Magic:  4/4        EV: 15    Int: 12    God:
Gold:   124        SH:  0    Dex: 18    Spells: 3/3 levels left

rFire   . . .      SeeInvis .    a - +2 dagger
rCold   . . .      Faith    .    (no shield)
rNeg    . . .      Spirit   .    b - +0 robe
rPois   .          Reflect  .    (no helmet)
rElec   .          Harm     .    c - +0 cloak
rCorr   .          Rampage  .    (no gloves)
Will    .....                    (no boots)
Stlth   ++++                     (no amulet)
HPRegen 0.24/turn                (no ring)
MPRegen 0.09/turn                (no ring)

@: no status effects
A: small, no large weapons, nightstalker 3
a: no special abilities


You were on level 2 of the Dungeon.
You visited 1 branch of the dungeon, and saw 2 of its levels.

You collected 124 gold pieces.

Inventory:

Hand Weapons
 a - a +2 dagger (weapon)
Missiles
 d - 9 poisoned darts (quivered)
 e - 3 curare-tipped darts
Armour
 b - a +0 robe (worn)
 c - a +0 cloak (worn)
Jewellery
 r - a ring of protection from fire
 s - a +5 ring of evasion
Scrolls
 f - a scroll of fog {unknown}
 h - a scroll of immolation {unknown}
 i - 2 scrolls of vulnerability {unknown}
 k - 4 scrolls of teleportation {unknown}
 l - a scroll of identify {unknown}
 m - a scroll of fear {unknown}
 o - a scroll of amnesia {unknown}
Potions
 g - 5 potions of curing {unknown}
 j - a potion of haste {unknown}
 n - a potion of invisibility {unknown}
 p - a potion of mutation {unknown}
 q - a potion of might {unknown}
 t - a potion of brilliance {unknown}


   Skills:
 + Level 3.0 Fighting
 + Level 3.8 Short Blades
 - Level 2.1 Throwing
 + Level 2.4 Dodging
 + Level 6.0 Stealth


You had 3 spell levels left.
You didn't know any spells.
Your spell library contained the following spells:

 Spells                   Type           Power      Damage    Failure   Level
 Magic Dart               Conj           0%         1d3       32%         1
 Call Imp                 Summ           0%         N/A       45%         2
 Mephitic Cloud           Conj/Pois/Air  0%         N/A       69%         3
 Ozocubu's Armour         Ice            0%         N/A       69%         3
 Ozocubu's Refrigeration  Ice            0%         4d7       100%        7


Dungeon Overview and Level Annotations

Branches:
Dungeon (2/15)

Altars:

Annotations:
D:2 Robin


Innate Abilities, Weirdness & Mutations

You are small and have problems with some larger weapons.
You are completely attuned to the shadows.


Message History

A hobgoblin comes into view.
The goblin shouts!
You hear a shout!
The goblin hits you but does no damage.
You hit the goblin.
The goblin is almost dead.
You hit the goblin.
You kill the goblin!
The goblin barely misses you. The goblin misses you.
Robin roars a battlecry!
The goblins go into a battle-frenzy!
You hit the hobgoblin.
The hobgoblin is severely wounded.
The hobgoblin barely misses you. The goblin hits you with a +0 dagger.
The goblin barely misses you.
You hit the hobgoblin but do no damage.
The hobgoblin is severely wounded.
The hobgoblin barely misses you. The goblin hits you with a +0 dagger.
The goblin hits you with a +0 club. Robin hits you but does no damage.
You hit the hobgoblin.
You kill the hobgoblin!
The goblin closely misses you. The goblin hits you with a +0 club.
Robin barely misses you.
You hit the hobgoblin.
The hobgoblin is severely wounded.
You hit the hobgoblin.
You kill the hobgoblin!
Robin closely misses you. The goblin barely misses you.
You closely miss the goblin.
Robin roars a battlecry!
The goblin misses you. x2
You completely miss the goblin. The goblin closely misses you.
The goblin barely misses you. The goblin completely misses you.
You hit the goblin.
The goblin is severely wounded.
The goblin hits you with a +0 club. The goblin hits you with a +0 dagger.
* * * LOW HITPOINT WARNING * * *
The goblin hits you with a +0 club.
* * * LOW HITPOINT WARNING * * *
Robin hits you from afar with a +0 spear.
You die...

##...)....##(...##....
#.g.......##....##....
#.###.######....####.#
#.# #.# #..........
#g# #.# #....####..
#g# #g# ###....#####.
#.###g# #....(.......
#.g##g# ##.##########.
##..#@# #..# ##
###ggg###.## #
#.....#...# #
#.......### #
#.......# # #.......#
# #.......# ####
#.†....## ##...
#...... ##....


You could see Robin, a hobgoblin and 4 goblins.

Vanquished Creatures
  3 adders (D:2)
  2 worms (D:2)
  A dart slug (D:1)
  2 endoplasms (D:1)
  2 giant cockroaches
  2 goblins (D:2)
  7 hobgoblins (D:2)
  3 jackals
  2 kobolds
  4 quokkas
  3 ball pythons (D:2)
  3 frilled lizards (D:2)
  3 rats
  A spectral hobgoblin (D:1)
38 creatures vanquished.

Notes
Turn   | Place    | Note
-------+----------+-------------------------------------------
     0 | D:1      | cforsyth the Kobold Brigand began the quest for the Orb.
     0 | D:1      | Reached XP level 1. HP: 12/12 MP: 1/1
   174 | D:1      | Found a faded altar of an unknown god.
   233 | D:1      | Reached XP level 2. HP: 18/18 MP: 2/2
   845 | D:2      | Reached XP level 3. HP: 17/22 MP: 3/3
  1150 | D:2      | Reached XP level 4. HP: 21/27 MP: 4/4
  1199 | D:2      | Reached skill level 6 in Stealth
  1301 | D:2      | Noticed Robin
  1335 | D:2      | Slain by Robin

Illustrated notes

Levels and vault maps discovered:
D:1:      matt_arrival_refuge, layout_basic,
          dreamdust_ecumenical_altar_drowned_temple, st_stairs_6,
          minmay_pentomino_z4
D:2:      layout_rooms, uniq_robin

Skill      XL: |  1  2  3  4 |
---------------+-------------+-----
Short Blades   | 3 |  3.8
Dodging        | 2 |  2.4
Stealth        | 6 |  6.0
Fighting       | 3 |  3.0
Throwing       | |  2.1

Action                     |  1- 3 |  4- 6 || total
---------------------------+-------+-------++-------
  Melee: Dagger            |    87 |    30 ||   117
         Punch             |     1 |       ||     1
   Stab: Sleeping          |     9 |       ||     9
 Armour: Robe              |     7 |    13 ||    20
  Dodge: Dodged            |    53 |    42 ||    95

Table legend: (Time is in decaauts)
 A = Elapsed time spent in this place.
 B = Non-inter-level travel time spent in this place.
 C = Inter-level travel time spent in this place.
 D = Time resting spent in this place.
 E = Time spent auto-exploring this place.
 F = Levels seen in this place.
 G = Mean time per level.
                   A        B        C        D        E       F      G
               +--------+--------+--------+--------+--------+-----+--------+
         Total |   1326 |   1326 |      0 |      0 |   1087 |   2 |  663.0 |
       Dungeon |   1326 |   1326 |      0 |      0 |   1087 |   2 |  663.0 |
               +--------+--------+--------+--------+--------+-----+--------+

Top non-repeatable levels by time:
     D:1: 816 daAuts
     D:2: 509 daAuts
